Map: Jagannatha LE

Players

Scarlett

  • Race: Zerg Zerg

Astrea - Winner!

  • Race: Protoss Protoss

Event: DreamHack SC2 Masters 2021 Fall

VOD

Have the link to the VOD?

Description

Time

  • Played on: Aug. 15, 2021, 3:49 p.m.
  • Length: 4:27

All games in this series

Show
View Real Time Build Order
Export as new Build Order

Scarlett Zerg 

Build Orders: Hatch First 

Get SALT Encoding   

  12  0:00  Drone  
  13  0:12  Overlord  
  13  0:16  Drone  
  14  0:30  Drone x2  
  16  0:43  Drone  
  17  0:51  Hatchery  
  17  0:55  Drone  
  17  0:58  Drone  
  18  1:10  Extractor  
  17  1:13  Spawning Pool  
  17  1:17  Drone  
  17  1:20  Drone  
  18  1:28  Drone  
  19  1:39  Drone  
  20  1:49  Overlord  
  20  2:01  Queen  
  22  2:05  Queen  
  22  2:06  Spine Crawler  
  23  2:09  Zergling x2  
  23  2:10  Zergling x2  
  25  2:15  Metabolic Boost  
  25  2:24  Spine Crawler  
  25  2:27  Spine Crawler  
  23  2:37  Spine Crawler  
  23  2:42  Zergling x6  
  25  2:50  Zergling x4  
  26  2:54  Drone  
  27  3:02  Spine Crawler  
  27  3:05  Zergling x2  
  27  3:06  Zergling x2  
  28  3:18  Zergling x6  
  25  3:36  Zergling x10  
  24  4:06  Zergling x6  
Show
View Real Time Build Order
Export as new Build Order

Astrea Protoss - Winner!

Build Orders:  

Get SALT Encoding   

  12  0:00  Probe  
  13  0:12  Probe  
  14  0:18  Pylon  
  14  0:24  Probe  
  15  0:36  Probe (Chrono Boost)  
  15  0:40  Gateway  
  16  0:46  Probe (Chrono Boost)  
  17  0:50  Assimilator  
  17  0:52  Probe  
  18  1:04  Probe  
  18  1:09  Forge  
  19  1:17  Probe  
  20  1:27  Cybernetics Core  
  20  1:31  Pylon  
  20  1:34  Probe  
  21  1:50  Photon Cannon  
  21  1:55  Pylon  
  21  2:10  Robotics Facility  
  21  2:20  Photon Cannon  
  21  2:22  Photon Cannon  
  21  2:35  Shield Battery  
  21  2:36  Shield Battery  
  21  2:47  Shield Battery  
  20  2:56  Immortal (Chrono Boost)  
  20  3:04  Adept  
  26  3:25  Warp Prism (Chrono Boost)  
  28  3:48  Immortal (Chrono Boost)  
  32  3:56  Shield Battery  
  32  4:16  Shield Battery  
  32  4:17  Pylon  

Tags
 
Add a new tag
Caveats
  • Supply blocks, unpowered buildings, or Contaminate may cause inaccurate times.
  • Supply counts are checked every 10 seconds.